 Dungeon Crawl Stone Soup version 0.26-a0-1026-g544776af23 (webtiles) character file.

Game seed: 1755113850570420424

151 Aurophilus the Covered (level 5, -1/47 HPs)
             Began as a Minotaur Fighter on Dec 9, 2020.
             Slain by Grinder (3 damage)
             ... on level 4 of the Dungeon.
             The game lasted 00:05:41 (2098 turns).

Aurophilus the Covered (Minotaur Fighter)           Turns: 2098, Time: 00:05:42

Health: -1/47      AC: 14    Str: 21    XL:     5   Next: 11%
Magic:  4/4        EV:  4    Int:  5    God:
Gold:   236        SH: 10    Dex: 10    Spells: 4/4 levels left

rFire    + . .     SeeInvis .   h - +2 hand axe (vorpal)
rCold    x . .     Faith    .   c - +1 kite shield
rNeg     . . .     Spirit   .   u - +0 plate armour
rPois    .         Reflect  .   (helmet restricted)
rElec    .         Harm     .   (no cloak)
rCorr    .         Rampage  .   b - +0 pair of gloves
Will     .....                  o - +0 pair of boots
Stlth    ..........             i - amulet of magic regeneration
HPRegen  0.15/turn              g - ring of fire
MPRegen  0.34/turn              (no ring)

@: no status effects
A: retaliatory headbutt, horns 2
a: no special abilities


You were on level 4 of the Dungeon.
You visited 1 branch of the dungeon, and saw 4 of its levels.

You collected 236 gold pieces.

Inventory:

Hand Weapons
 a - a +0 war axe
 h - a +2 vorpal hand axe (weapon)
 l - a +0 flail
Armour
 b - a +0 pair of gloves (worn)
 c - a +1 kite shield (worn)
 o - a +0 pair of boots (worn)
 u - a +0 plate armour (worn)
Jewellery
 g - a ring of fire (left hand)
 i - an amulet of magic regeneration (around neck)
 n - an uncursed amulet of guardian spirit
Wands
 s - a wand of flame (23)
Scrolls
 e - 2 scrolls of identify
 f - a scroll of remove curse
 j - a scroll of fog
Potions
 d - a potion of might
 k - a potion of haste
 m - a potion of attraction {unknown}
 t - a potion of heal wounds


   Skills:
 + Level 4.5 Fighting
 + Level 3.9 Axes
 + Level 4.8 Armour
 + Level 1.3 Dodging
 + Level 0.3 Stealth
 + Level 4.2 Shields


You had 4 spell levels left.
You didn't know any spells.
Your spell library was empty.

Dungeon Overview and Level Annotations

Branches:
Dungeon (4/15)
 Temple: D:4-7

Altars:
Xom

Annotations:
D:4 Grinder, Sigmund


Innate Abilities, Weirdness & Mutations

You reflexively headbutt those who attack you in melee.
You have a pair of horns on your head.


Message History

You resist with significant effort. Something hits you but does no damage.
Grinder gestures at you.
You barely resist. You block Grinder's attack. You block something's attack.
You hit Grinder.
Grinder is almost dead.
Sigmund appears from thin air!
Reactivating autopickup.
Grinder hits you.
You writhe in agony.
* * * LOW HITPOINT WARNING * * *
Grinder hits you.
* * * LOW HITPOINT WARNING * * *
You writhe in agony.
* * * LOW HITPOINT WARNING * * *
You hit Grinder. You headbutt Grinder, but do no damage.
Grinder is almost dead.
Grinder hits you!
* * * LOW HITPOINT WARNING * * *
You writhe in agony.
You die...

.) #.# #..
## ###.. ..
....##.#.#
#
...#.#.#.#
#5#.#.#.###
#@.........
##.........
#@.......$
#.........
#.........
##........
#........
##.##.##.
## .#


You could see Grinder (fast) and Sigmund.

Vanquished Creatures
  A quasit (D:3)
  A hound (D:4)
  A centaur skeleton (D:4)
  An ooze (D:3)
  2 dart slugs
  2 leopard geckos
  4 orcs
  6 bats
  5 giant cockroaches
  6 goblins
  5 hobgoblins
  2 quokkas (D:2)
  2 ball pythons
  5 kobolds
43 creatures vanquished.

Notes
Turn   | Place    | Note
-------+----------+-------------------------------------------
     0 | D:1      | Aurophilus the Minotaur Fighter began the quest for the
                  | Orb.
     0 | D:1      | Reached XP level 1. HP: 19/19 MP: 0/0
   208 | D:1      | Reached XP level 2. HP: 27/27 MP: 1/1
   912 | D:2      | Found a shimmering altar of Xom.
   999 | D:2      | Reached XP level 3. HP: 33/33 MP: 2/2
  1557 | D:3      | Reached XP level 4. HP: 35/41 MP: 3/3
  1780 | D:3      | Reached skill level 1 in Dodging
  1994 | D:4      | Reached XP level 5. HP: 47/47 MP: 4/4
  2067 | D:4      | Noticed Grinder
  2067 | D:4      | Noticed Sigmund
  2072 | D:4      | Paralysed by Grinder for 5 turns
  2081 | D:4      | Paralysed by Grinder for 6 turns
  2098 | D:4      | HP: 2/47 [Grinder (7)]
  2098 | D:4      | Slain by Grinder

Illustrated notes

Levels and vault maps discovered:
D:1:      eino_arrival_cavern_c, layout_rooms
D:2:      layout_rooms, old_standard_altar
D:3:      layout_rooms
D:4:      layout_basic, grunt_temple_overflow_lords_of_destruction,
          nicolae_ru_sacrificial_ziggurat, corexii_hall_statues_u,
          mrwooster_statue_mirror, uniq_grinder, uniq_sigmund

Skill      XL: |  1  2  3  4 |
---------------+-------------+-----
Fighting       | 4 |  4.5
Armour         | 4 |  4.8
Axes           | 3 |  3.9
Shields        | 4 |  4.2
Dodging        | 1 |  1.3
Stealth        | |  0.3

Action                   |  1- 3 |  4- 6 || total
-------------------------+-------+-------++-------
Melee: War axe           |    30 |       ||    30
       Headbutt          |     7 |     8 ||    15
       Hand axe          |    35 |    26 ||    61
  Use: Scroll            |     7 |     3 ||    10
       Potion            |     5 |     1 ||     6
Armor: Scale mail        |    42 |       ||    42
       Plate armour      |       |    23 ||    23
Dodge: Dodged            |    17 |     9 ||    26
Block: Kite shield       |    42 |    12 ||    54

Table legend: (Time is in decaauts)
 A = Elapsed time spent in this place.
 B = Non-inter-level travel time spent in this place.
 C = Inter-level travel time spent in this place.
 D = Time resting spent in this place.
 E = Time spent auto-exploring this place.
 F = Levels seen in this place.
 G = Mean time per level.
                   A        B        C        D        E       F      G
               +--------+--------+--------+--------+--------+-----+--------+
         Total |   2103 |   1991 |    112 |    180 |   1376 |   4 |  525.8 |
       Dungeon |   2103 |   1991 |    112 |    180 |   1376 |   4 |  525.8 |
               +--------+--------+--------+--------+--------+-----+--------+

Top non-repeatable levels by time:
     D:1: 764 daAuts
     D:2: 585 daAuts
     D:3: 558 daAuts
     D:4: 194 daAuts
